 Dungeon Crawl Stone Soup version 0.19-a0-975-gfff5315 (webtiles) character file.

21 matakusis the Sneak (level 2, 0/28 HPs)
             Began as an Octopode Assassin on July 13, 2016.
             Slain by a jackal (2 damage)
             ... on level 1 of the Dungeon.
             The game lasted 00:02:16 (523 turns).

matakusis the Sneak (Octopode Assassin)              Turns: 523, Time: 00:02:16

Health: 0/28       AC:  1    Str: 15    XL:     2   Next: 83%
Magic:  2/2        EV: 12    Int: 13    God:
Gold:   54         SH:  0    Dex: 13    Spells: 0 memorised, 1 level left

rFire  . . .     SeeInvis .     a - +2 dagger
rCold  + . .     Gourm    .     (no shield)
rNeg   . . .     Faith    .     (helmet restricted)
rPois  .         Spirit   .     (no amulet)
rElec  .         Dismiss  .     h - ring of protection from cold
rCorr  .         Reflect  .     (no ring)
SustAt .         Harm     .     (no ring)
MR     .....                    (no ring)
Stlth  ..........               (no ring)
                                (no ring)
                                (no ring)
                                (no ring)

@: berserking, very quick, not resistant to hostile enchantments, extremely
unstealthy
A: almost no armour, amphibious, 8 rings, constrict 8, camouflage 1, gelatinous
body 1
a: no special abilities


You were on level 1 of the Dungeon.
You were not hungry.

You visited 1 branch of the dungeon, and saw 1 of its levels.

You collected 54 gold pieces.

Inventory:

Hand Weapons
 a - a +2 dagger (weapon)
 b - a +0 blowgun
Missiles
 c - 8 poisoned needles
 d - 2 curare-tipped needles
Jewellery
 h - a ring of protection from cold (left tentacle)
Scrolls
 i - a scroll of identify {unknown}
 l - a scroll of remove curse {unknown}
Potions
 k - a potion of might {unknown}
Comestibles
 f - 3 bread rations
 g - 4 chunks of flesh
 j - a royal jelly


   Skills:
 - Level 2.0 Fighting
 - Level 2.0 Short Blades
 + Level 2.1 Throwing
 + Level 1.0 Dodging
 + Level 6.4 Stealth


You had one spell level left.
You didn't know any spells.

Dungeon Overview and Level Annotations

Branches:
Dungeon (1/15)

Altars:


Innate Abilities, Weirdness & Mutations

You cannot wear most types of armour.
You are amphibious.
You can wear up to eight rings at the same time.
You can use your tentacles to constrict eight enemies at once.
Your skin changes colour to match your surroundings (Stealth+).
Your rubbery body absorbs attacks. (AC +1)


Message History

You hit the jackal but do no damage.
The jackal is lightly wounded.
You constrict the jackal, but do no damage.
The jackal bites you. The jackal barely misses you.
You hit the jackal. You squeeze the jackal.
The jackal is heavily wounded.
You constrict the jackal, but do no damage.
The jackal bites you. x2
You release your grip on the jackal.
The jackal bites you.
* * * LOW HITPOINT WARNING * * *
The jackal misses you. The jackal bites you.
* * * LOW HITPOINT WARNING * * *
The jackal closely misses you.
It was a potion of berserk rage.
A red film seems to cover your vision as you go berserk!
You feel yourself moving faster!
You feel mighty! The jackal bites you.
* * * LOW HITPOINT WARNING * * *
The jackal bites you.
You die...

##################.##........####
######..#.##.....# #######
#...###.#.###....# .......
#.#.###.#.# #....#
.......##.#.......###....#
............#.......#....#
...$........#.....#.#....##
....?.†.....#.....#.#.....#
...........h@..))>#.#.....#
...........h#.....#.#.....#
#########.###.....#.##....#
#.........#.##....#
#####.....#.##....#
#.......####### #....#### ######


You could see 2 jackals.

Vanquished Creatures
  A dart slug (D:1)
  2 giant geckos (D:1)
  A bat (D:1)
  A giant cockroach (D:1)
  3 goblins (D:1)
  2 jackals (D:1)
  3 kobolds (D:1)
  A rat (D:1)
14 creatures vanquished.

Notes
Turn   | Place    | Note
-------+----------+-------------------------------------------
     0 | D:1      | matakusis the Octopode Assassin began the quest for the Orb.
     0 | D:1      | Reached XP level 1. HP: 14/14 MP: 1/1
   137 | D:1      | Reached skill level 6 in Stealth
   137 | D:1      | Reached XP level 2. HP: 12/19 MP: 2/2
   523 | D:1      | Slain by a jackal

Vault maps used:
D:1:      wheals_arrival_linesprint, serial_glass, glass_columns_a,
          glass_columns_a

Skill      XL: |  1 |
---------------+----+-----
Stealth        | 6 |  6.4
Fighting       | |  2.0
Short Blades   | |  2.0
Throwing       | |  2.1
Dodging        | |  1.0

Action                   || total
-------------------------++-------
Melee: Dagger            ||    24
       Constrict         ||     5
       Tentacles         ||     3
 Fire: Blowgun           ||     1
  Use: Potion            ||     1
 Stab: Sleeping          ||     5
Dodge: Dodged            ||    16
